 Dungeon Crawl Stone Soup version 0.20-a0-739-g6bb112f (webtiles) character file.

619 Gorglomux the Covert (level 7, 0/32 HPs)
             Began as a Spriggan Enchanter on Feb 24, 2017.
             Was an Initiate of Ashenzari.
             Slain by a killer bee (2 damage)
             ... on level 5 of the Dungeon.
             The game lasted 00:11:22 (5012 turns).

Gorglomux the Covert (Spriggan Enchanter)           Turns: 5012, Time: 00:11:23

Health: 0/32       AC:  7    Str:  4    XL:     7   Next: 21%
Magic:  1/14       EV: 17    Int: 18    God:    Ashenzari [......]
Gold:   289        SH:  0    Dex: 17    Spells: 9/15 levels left

rFire    . . .     SeeInvis +   a - +0 dagger (venom)
rCold    . . .     Gourm    .   t - +0 troll leather armour (curse) {Purgy}
rNeg     . . .     Faith    .   (shield restricted)
rPois    .         Spirit   .   (helmet restricted)
rElec    .         Reflect  .   x - +0 cloak
rCorr    .         Harm     .   (gloves unavailable)
MR       +....                  (boots unavailable)
Stlth    ++++......             (no amulet)
Regen    0.5/turn               (no ring)
MPRegen  0.2/turn               (no ring)

@: lethally poisoned (0 -> -3), very quick
A: unfitting armour, horns 1, iridescent scales 1, see invisible, herbivore 3,
speed 3, slow metabolism 2
a: Curse Item, Renounce Religion


You were on level 5 of the Dungeon.
You worshipped Ashenzari.
Ashenzari was noncommittal.
You were hungry.

You visited 2 branches of the dungeon, and saw 6 of its levels.

You collected 289 gold pieces.

Inventory:

Hand Weapons
 a - a +0 dagger of venom (weapon)
 f - a +1 dagger
Armour
 b - a +0 robe
 t - a cursed +0 troll leather armour (worn) {Purgy}
 x - a +0 cloak (worn)
Jewellery
 o - an uncursed ring of fire
Scrolls
 e - a scroll of magic mapping {unknown}
 h - 3 scrolls of teleportation {unknown}
 m - 2 scrolls of fear {unknown}
 r - 2 scrolls of identify {unknown}
 s - a scroll of recharging {unknown}
 v - a scroll of fog {unknown}
 y - 3 scrolls of torment {unknown}
Potions
 g - 2 potions of curing {unknown}
 j - 3 potions of mutation
 l - 3 potions of heal wounds {unknown}
 n - a potion of haste {unknown}
 p - a potion of lignification {unknown}
 u - 2 potions of brilliance {unknown}
Books
 c - a book of Maledictions

   Spells                             Type                      Level
   a - Corona                         Hexes                        1
   b - Ensorcelled Hibernation        Hexes/Ice                    2
   c - Confuse                        Hexes                        3
   d - Tukima's Dance                 Hexes                        3
   e - Dazzling Spray                 Conjuration/Hexes            3
 w - a book of Minor Magic

   Spells                             Type                      Level
   a - Magic Dart                     Conjuration                  1
   b - Blink                          Translocation                2
   c - Call Imp                       Summoning                    2
   d - Slow                           Hexes                        2
   e - Conjure Flame                  Conjuration/Fire             3
   f - Mephitic Cloud                 Conjuration/Poison/Air       3
Comestibles
 d - 5 bread rations
 i - 2 royal jellies
 q - 4 fruits


   Skills:
 - Level 5.1 Short Blades
 - Level 3.0 Dodging
 - Level 8.0 Stealth
 + Level 4.6 Spellcasting
 + Level 5.3 Hexes


You had 9 spell levels left.
You knew the following spells:

 Your Spells              Type           Power        Failure   Level  Hunger
a - Corona                Hex            ###....      3%          1    None
x - Confuse               Hex            ###.....     12%         3    ###....
z - Ensorcelled Hibernat  Hex/Ice        ##....       14%         2    #......


Dungeon Overview and Level Annotations

Branches:
Dungeon (5/15)             Temple (1/1) D:5

Altars:
Ashenzari
Cheibriados
Dithmenos
Elyvilon
Fedhas
Gozag
Hepliaklqana
Kikubaaqudgha
Makhleb
Nemelex Xobeh
Okawaru
Qazlal
Ru
Sif Muna
Trog
Uskayaw
Vehumet
Wu Jian
Xom
Zin
The Shining One


Innate Abilities, Weirdness & Mutations

You are very small and have problems with some larger weapons.
You are too small for most types of armour.
You have supernaturally acute eyesight. (SInv)
You are a herbivore.
You cover ground extremely quickly.
You need consume almost no food.
You have a pair of small horns on your head.
You are partially covered in iridescent scales. (AC +2)


Message History

Aim: a killer bee (chance to defeat MR: 52%)
The killer bee resists with significant effort.
The killer bee closely misses you. The killer bee stings you.
* * * LOW HITPOINT WARNING * * *
You miss the killer bee. The killer bee completely misses you.
Unknown command.
You hit the killer bee but do no damage.
You feel sick. The killer bee misses you. The killer bee barely misses you.
You hit the killer bee but do no damage.
The killer bee is poisoned.
The killer bee stings you.
* * * LOW HITPOINT WARNING * * *
You are lethally poisoned!
The killer bee poisons you! The killer bee misses you.
Unknown command.
It was a potion of mutation.
You feel extremely strange.
Iridescent scales grow over part of your body.
A pair of horns grows on your head!
* * * LOW HITPOINT WARNING * * *
You feel sick. The killer bee stings you.
You die...

# ##..... #+ ######.#
###........###.##...?#.#####
..+.[..................y$...
###....# #.....y##†####.#
..#....#####+###@.##......#
..#......#.....#.##########
..#......#.###.#........
.........+.#>#.'........
.........#.#'#.#########
........##.....#
........####'### ........#
##.# ........# #..#


You could see a killer bee.

Vanquished Creatures
  Purgy (D:3)
  3 killer bees
  2 crimson imps (D:5)
  2 orc wizards (D:4)
  Crazy Yiuf (D:4)
  An iguana (D:5)
  A worker ant (D:4)
  9 adders
  4 gnolls (D:3)
  4 worms
  2 dart slugs
  2 leopard geckos
  12 orcs
  A giant cockroach (D:2)
  6 goblins
  7 hobgoblins
  A quokka (D:3)
  6 bats
  8 frilled lizards
  6 kobolds
  10 rats
89 creatures vanquished.

Notes
Turn   | Place    | Note
-------+----------+-------------------------------------------
     0 | D:1      | Gorglomux the Spriggan Enchanter began the quest for the Orb.
     0 | D:1      | Reached XP level 1. HP: 9/9 MP: 5/5
   376 | D:1      | Reached XP level 2. HP: 13/13 MP: 6/6
   380 | D:1      | Learned a level 2 spell: Ensorcelled Hibernation
   417 | D:1      | Reached skill level 5 in Stealth
  1311 | D:2      | Reached XP level 3. HP: 16/16 MP: 8/8
  1316 | D:2      | Learned a level 3 spell: Confuse
  1462 | D:2      | Reached skill level 6 in Stealth
  2077 | D:2      | Reached XP level 4. HP: 17/21 MP: 9/9
  2214 | D:3      | Reached skill level 3 in Short Blades
  2777 | D:3      | Reached skill level 7 in Stealth
  2846 | D:3      | Noticed Purgy
  2859 | D:3      | Killed Purgy
  2859 | D:3      | Reached XP level 5. HP: 22/24 MP: 5/10
  2878 | D:3      | Reached skill level 8 in Stealth
  3714 | D:3      | Reached XP level 6. HP: 28/28 MP: 11/11
  4119 | D:4      | Reached skill level 3 in Spellcasting
  4289 | D:4      | Found a runed door.
  4446 | D:4      | Noticed Crazy Yiuf
  4450 | D:4      | Killed Crazy Yiuf
  4514 | D:5      | Entered Level 5 of the Dungeon
  4651 | D:5      | Found a staircase to the Ecumenical Temple.
  4677 | Temple   | Entered the Ecumenical Temple
  4920 | Temple   | Became a worshipper of Ashenzari the Shackled
  4946 | D:5      | Reached XP level 7. HP: 32/32 MP: 14/14
  5012 | D:5      | Gained mutation: You are partially covered in iridescent scales. (AC +2) [potion of mutation]
  5012 | D:5      | Gained mutation: You have a pair of small horns on your head. [potion of mutation]
  5012 | D:5      | Slain by a killer bee

Vault maps used:
D:1:      dpeg_arrival_water_temple_mockup, minmay_lizard_pond
D:3:      minmay_crystal_water, uniq_purgy
D:4:      uniq_crazy_yiuf_cottage
D:5:      minmay_temple_entry_glassed_door, first_bread
Temple:   nicolae_temple_the_god_donut

Skill      XL: |  1  2  3  4  5  6 |
---------------+-------------------+-----
Stealth        | 5 6 7 8 |  8.0
Short Blades   | 2 3 4 5 |  5.1
Spellcasting   | 4 |  4.6
Hexes          | 5 |  5.3
Dodging        | |  3.0

Action                   |  1- 3 |  4- 6 |  7- 9 || total
-------------------------+-------+-------+-------++-------
Melee: Dagger            |   112 |   167 |    11 ||   290
 Cast: Ensorcelled Hiber |     2 |     3 |     1 ||     6
       Confuse           |       |     3 |     4 ||     7
Invok: Curse Item        |       |     1 |       ||     1
  Use: Potion            |       |       |     1 ||     1
 Stab: Sleeping          |     9 |    12 |       ||    21
       Distracted        |       |     2 |       ||     2
  Eat: Royal jelly       |       |     1 |       ||     1
Armor: Robe              |    11 |     1 |       ||    12
       Troll leather arm |       |    11 |     3 ||    14
Dodge: Dodged            |    80 |    88 |    25 ||   193
